Map: Blackburn LE

Players

MeomaikA - Winner!

  • Race: Zerg Zerg

TeebuL

  • Race: Protoss Protoss

Event: DreamHack SC2 Masters 2021 Fall

VOD

Have the link to the VOD?

Description

Time

  • Played on: July 30, 2021, 6:29 a.m.
  • Length: 6:29

All games in this series

Show
View Real Time Build Order
Export as new Build Order

MeomaikA Zerg - Winner!

Build Orders: Pool First 

Get SALT Encoding   

  12  0:00  Drone  
  13  0:08  Drone  
  14  0:16  Overlord  
  14  0:23  Extractor, Drone  
  15  0:34  Drone x2  
  17  0:44  Spawning Pool  
  17  0:48  Drone  
  17  1:00  Drone  
  18  1:11  Hatchery  
  18  1:15  Extractor, Drone  
  17  1:30  Zergling x4  
  17  1:31  Queen  
  21  1:37  Drone  
  22  1:47  Overlord  
  22  2:05  Drone  
  22  2:07  Queen  
  25  2:10  Drone  
  25  2:14  Metabolic Boost  
  26  2:21  Drone  
  27  2:23  Drone  
  28  2:30  Drone  
  28  2:34  Drone  
  30  2:41  Drone  
  31  2:48  Drone  
  31  2:50  Hatchery  
  31  2:55  Overlord  
  31  2:57  Drone  
  31  2:58  Drone  
  33  3:05  Lair  
  33  3:10  Overlord  
  33  3:14  Zergling x2  
  33  3:15  Zergling x2  
  33  3:17  Zergling x2  
  36  3:20  Drone  
  36  3:22  Drone  
  38  3:28  Queen  
  38  3:31  Drone  
  41  3:34  Spore Crawler  
  41  3:38  Spore Crawler  
  41  3:41  Drone  
  40  3:42  Drone  
  40  3:44  Drone  
  40  3:47  Drone  
  43  3:49  Drone  
  43  3:51  Drone  
  45  4:01  Drone x4  
  45  4:02  Drone  
  50  4:04  Drone  
  50  4:08  Extractor  
  50  4:12  Roach Warren  
  50  4:13  Zergling x4  
  50  4:15  Zergling x2  
  52  4:17  Zergling x2  
  52  4:19  Zergling x2  
  52  4:21  Zergling x2  
  52  4:23  Zergling x2  
  56  4:24  Zergling x2  
  56  4:33  Zergling x4, Nydus Network  
  56  4:37  Overlord  
  57  4:49  Overlord  
  56  4:53  Overlord  
  56  4:54  Overlord  
  56  4:58  Roach x3  
  56  4:59  Roach  
  66  5:00  Roach  
  66  5:09  Roach  
  66  5:10  Nydus Canal  
  66  5:12  Roach x2  
  72  5:16  Roach x2  
  72  5:18  Roach  
  78  5:21  Roach  
  78  5:23  Zergling x2  
  81  5:33  Nydus Canal  
  79  5:38  Roach  
  79  5:39  Zergling x4  
  79  5:40  Overlord  
  79  5:41  Zergling x4  
  79  5:42  Zergling x2  
  83  5:43  Zergling x2  
  83  5:45  Zergling x2  
  85  5:51  Nydus Canal  
  85  5:52  Zergling x4  
  85  5:53  Zergling x2  
  86  6:00  Zergling x2  
  86  6:01  Zergling x4  
  86  6:08  Nydus Canal  
Show
View Real Time Build Order
Export as new Build Order

TeebuL Protoss 

Build Orders: 1 Gate Expand 

Get SALT Encoding   

  12  0:00  Probe  
  13  0:12  Probe  
  14  0:20  Pylon  
  14  0:24  Probe  
  15  0:38  Probe (Chrono Boost)  
  15  0:41  Gateway  
  16  0:47  Probe (Chrono Boost)  
  17  0:50  Assimilator  
  17  0:52  Probe (Chrono Boost)  
  19  1:04  Probe  
  19  1:16  Probe  
  20  1:27  Nexus  
  20  1:36  Cybernetics Core  
  20  1:38  Probe  
  21  1:43  Assimilator  
  21  1:50  Probe  
  22  1:55  Pylon  
  22  2:02  Probe  
  22  2:07  Cybernetics Core  
  23  2:12  Stalker (Chrono Boost)  
  25  2:18  Probe (Chrono Boost)  
  25  2:21  Warp Gate  
  27  2:30  Probe (Chrono Boost)  
  27  2:35  Adept  
  27  2:36  Robotics Facility  
  29  2:40  Probe (Chrono Boost)  
  29  2:43  Probe (Chrono Boost)  
  31  2:49  Probe (Chrono Boost)  
  31  2:50  Probe (Chrono Boost)  
  32  2:58  Probe  
  32  2:59  Probe  
  32  3:03  Gateway  
  34  3:10  Probe  
  34  3:11  Probe  
  36  3:16  Pylon, Adept  
  38  3:23  Probe  
  38  3:24  Probe  
  40  3:29  Warp Prism (Chrono Boost)  
  42  3:35  Probe  
  42  3:36  Probe  
  44  3:41  Shield Battery  
  44  3:47  Probe  
  45  3:48  Probe  
  45  3:54  Pylon  
  46  3:59  Probe  
  46  4:02  Probe  
  48  4:06  Assimilator  
  48  4:10  Assimilator  
  48  4:11  Probe  
  48  4:14  Observer, Probe  
  51  4:22  Adept  
  51  4:23  Adept, Probe  
  56  4:27  Probe  
  56  4:28  Stargate x2  
  57  4:35  Probe  
  58  4:39  Pylon  
  58  4:41  Probe  
  59  4:48  Nexus  
  59  4:49  Probe  
  60  4:55  Probe  
  60  4:58  Pylon  
  61  5:01  Probe  
  61  5:04  Void Ray (Chrono Boost)  
  62  5:09  Probe  
  67  5:17  Stalker x2  
  71  5:22  Immortal  
  74  5:31  Probe  
  61  5:41  Adept x2  
  54  5:50  Probe  
  46  6:06  Zealot x2  

Tags
 
Add a new tag
Caveats
  • Supply blocks, unpowered buildings, or Contaminate may cause inaccurate times.
  • Supply counts are checked every 10 seconds.